 Dungeon Crawl Stone Soup version 0.29-a0-362-g5854e031c7 (webtiles) character file.

Game seed: 1098194306968332733

2707 freelancePsychic the Fighter (level 9, -14/65 (74) HPs)
             Began as a Formicid Chaos Knight on Apr 30, 2022.
             Was a Plaything of Xom.
             Demolished by a two-headed ogre
             ... wielding a +0 giant club
              (15 damage)
             ... on level 8 of the Dungeon.
             The game lasted 00:15:18 (10351 turns).

freelancePsychic the Fighter (FoCK)                Turns: 10351, Time: 00:15:20

HP:   -14/65 (74)   AC:  4    Str: 15      XL:     9   Next: 97%
MP:   0/9           EV: 10    Int: 12      God:    Xom [.*....]
Gold: 152           SH:  9    Dex: 12 (14) Spells: 8/8 levels left

rFire   . . .      SeeInvis +   a - +1 dagger (venom)
rCold   . . .      Faith    .   n - +0 kite shield
rNeg    . . .      Spirit   +   k - +2 leather armour
rPois   +          Reflect  .   (helmet unavailable)
rElec   .          Harm     .   g - +0 cloak
rCorr   .          Rampage  .   (no gloves)
Will    .....                   (no boots)
Stlth   +.........              u - amulet of guardian spirit
HPRegen 0.20/turn               t - ring of poison resistance
MPRegen 0.11/turn               (no ring)

@: heavily drained
A: permanent stasis, dig shafts and tunnels, antennae 3, four strong arms,
deformed body, deterioration 2, weak 1
a: Dig, Shaft Self, Renounce Religion


You were on level 8 of the Dungeon.
You worshipped Xom.
You were a plaything of Xom.
You visited 1 branch of the dungeon, and saw 8 of its levels.

You collected 474 gold pieces.
You spent 322 gold pieces at shops.

Inventory:

Hand Weapons
 a - a +1 dagger of venom (weapon)
 b - the +5 great sword of Anodu {elec, rC+ Dex+3}
   (You bought it in a shop on level 1 of the Dungeon)

   It occasionally discharges a powerful burst of electricity upon striking a
   foe.
   Dex:       It affects your dexterity (+3).
   rC:        It protects you from cold.
 d - a +0 spear
 i - a +0 long sword
 l - a +1 vorpal hunting sling
 w - a +1 short sword of electrocution
Missiles
 f - 12 poisoned darts (quivered)
Armour
 g - a +0 cloak (worn)
 k - a +2 leather armour (worn)
 n - a +0 kite shield (worn)
 y - a +1 chain mail of poison resistance
Jewellery
 t - a ring of poison resistance (left hand)
 u - an amulet of guardian spirit (around neck)
Wands
 q - a wand of flame (5)
Scrolls
 x - 2 scrolls of magic mapping
 z - a scroll of amnesia
 A - a scroll of identify {@r1}
Potions
 e - 3 potions of degeneration
 h - a potion of haste {@q3}
 j - a potion of cancellation {unknown}
 m - 3 potions of brilliance {unknown}
 o - a potion of mutation {unknown}
 p - a potion of attraction {unknown}
 r - a potion of lignification {unknown}
 s - a potion of flight {unknown}
Miscellaneous
 c - a piece from Xom's chessboard (15/15)


   Skills:
 + Level 8.0 Fighting
 - Level 6.7(7.8) Short Blades
 * Level 6.1(7.5) Long Blades
 - Level 3.6 Polearms
 - Level 2.1 Armour
 - Level 0.8 Dodging
 + Level 6.5 Shields


You had 8 spell levels left.
You didn't know any spells.
Your spell library contained the following spells:

 Spells                   Type           Power      Damage    Failure   Level
 Animate Skeleton         Necr           0%         N/A       65%         1
 Apportation              Tloc           0%         N/A       65%         1
 Pain                     Necr           0%         1d4       65%         1
 Summon Small Mammal      Summ           0%         N/A       65%         1
 Sublimation of Blood     Necr           0%         N/A       78%         2
 Call Canine Familiar     Summ           0%         N/A       95%         3
 Ignite Poison            Fire/Tmut/Pois 0%         N/A       95%         3
 Portal Projectile        Hex/Tloc       0%         N/A       95%         3
 Cause Fear               Hex            0%         N/A       100%        4
 Leda's Liquefaction      Hex/Erth       0%         N/A       100%        4
 Borgnjor's Vile Clutch   Necr/Erth      0%         N/A       100%        5
 Excruciating Wounds      Necr           0%         N/A       100%        5
 Eringya's Noxious Bog    Tmut/Pois      0%         N/A       100%        6
 Dragon Form              Tmut           0%         N/A       100%        7
 Dragon's Call            Summ           0%         N/A       100%        9


Dungeon Overview and Level Annotations

Branches:
Dungeon (8/15)             Temple (0/1) D:7
   Lair: D:8-11

Altars:
Dithmenos
Fedhas
Kikubaaqudgha
Okawaru
Beogh

Shops:
D:1 (   D:3 [

Annotations:
D:3 2 transporters, OTABOTABOTAB's ghost, amateur MfTm


Innate Abilities, Weirdness & Mutations

You cannot be hasted, slowed, berserked, paralysed or teleported.
You can dig through walls and to a lower floor.
You have a pair of large antennae on your head. (SInv)
Your four strong arms can wield two-handed weapons with a shield.
Armour fits poorly on your strangely shaped body.
Your body often deteriorates upon taking damage.
You are weak. (Str -2)


Message History

You are too injured to fight recklessly!
You are too injured to fight recklessly!
You are too injured to fight recklessly!
You are too injured to fight recklessly!
You are too injured to fight recklessly!
You are too injured to fight recklessly!
You are too injured to fight recklessly!
You are too injured to fight recklessly!
You are too injured to fight recklessly!
You are too injured to fight recklessly!
You are too injured to fight recklessly!
You are too injured to fight recklessly!
You are too injured to fight recklessly!
You are too injured to fight recklessly!
You are too injured to fight recklessly!
You are too injured to fight recklessly!
You are too injured to fight recklessly!
You are too injured to fight recklessly!
You completely miss the two-headed ogre.
The two-headed ogre is moderately wounded.
You barely miss the two-headed ogre.
The two-headed ogre is heavily wounded.
You hit the two-headed ogre.
The two-headed ogre looks as sick as possible!
The two-headed ogre is heavily wounded.
You block the two-headed ogre's attack.
The two-headed ogre hits you with a +0 giant club!
You hit the two-headed ogre but do no damage.
The two-headed ogre is heavily wounded.
You hit the two-headed ogre but do no damage.
The two-headed ogre looks as sick as possible!
The two-headed ogre is severely wounded.
The two-headed ogre hits you with a +0 giant club!!
* * * LOW HITPOINT WARNING * * *
Xom is mildly amused.
The two-headed ogre closely misses you.
The two-headed ogre attacks as you move away!
The two-headed ogre hits you with a +0 giant club!
You die...
Xom guffaws!

...##
#.........###.##
.. ##........#
### . ###......#
#<.....####
##........#
####........#
###...[.......#
#.............#
#......@......#
##.....O......#
#............#
#.....(......#
##....(......#
#....(......#
#.....(....##
##...((....#


You could see a two-headed ogre (extremely poisoned).

Vanquished Creatures
  Prince Ribbit (D:5)
  Sigmund (D:6)
  A basilisk (D:7)
  Edmund (D:6)
  Menkaure (D:4)
  A water moccasin (D:6)
  An orc warrior (D:4)
  2 sky beasts
  A centaur (D:6)
  A kobold brigand (D:7)
  A necrophage (D:5)
  A scorpion (D:6)
  2 wights (D:8)
  Dowan (D:4)
  3 orc priests
  A hound (D:6)
  5 jellies
  A gnoll shaman (D:6)
  4 iguanas
  2 orc wizards
  7 gnolls
  7 adders
  A white imp (D:7)
  An ufetubus (D:5)
  2 dart slugs
  6 worms
  27 orcs
  6 ball pythons
  6 bats
  6 endoplasms
  2 giant cockroaches
  7 goblins
  9 hobgoblins
  13 jackals
  3 quokkas
  2 frilled lizards (D:1)
  10 kobolds
  9 rats
156 creatures vanquished.

Vanquished Creatures (collateral kills)
  Duvessa (D:4)
  A water moccasin (D:6)
  An ogre (D:6)
  A gnoll sergeant (D:3)
  3 gnolls (D:3)
  5 orcs (D:3)
  2 giant cockroaches (D:3)
  A goblin (D:3)
  A rat (D:3)
16 creatures vanquished.

Vanquished Creatures (others)
  A plant (D:8)
1 creature vanquished.

Grand Total: 173 creatures vanquished

Notes
Turn   | Place    | Note
-------+----------+-------------------------------------------
     0 | D:1      | freelancePsychic the Formicid Chaos Knight began the quest
                  | for the Orb.
     0 | D:1      | Reached XP level 1. HP: 18/18 MP: 1/1
   230 | D:1      | Reached XP level 2. HP: 16/24 MP: 2/2
   238 | D:1      | XOM: divination: magic mapping
   427 | D:1      | XOM: potion effect (invisibility)
   796 | D:1      | Reached XP level 3. HP: 30/30 MP: 3/3
   922 | D:1      | Reached skill level 1 in Short Blades
  1067 | D:1      | Found Lemas's Antique Weapon Shoppe.
  1113 | D:1      | XOM: god gift: robe {god gift}
  1415 | D:2      | Reached XP level 4. HP: 35/37 MP: 4/4
  1514 | D:2      | Reached skill level 4 in Fighting
  1588 | D:2      | XOM: cloud trail
  1637 | D:2      | XOM: silly message
  1666 | D:2      | XOM: swap monsters
  1819 | D:2      | XOM: enchant monster (good)
  2041 | D:2      | Found a faded altar of an unknown god.
  2051 | D:2      | XOM: enchant monster (bad)
  2065 | D:2      | Reached XP level 5. HP: 41/42 MP: 5/5
  2169 | D:2      | XOM: god gift: long sword {god gift}
  2620 | D:3      | XOM is BORED!
  2620 | D:3      | XOM: noise
  2809 | D:3      | Found Empots's Armour Boutique.
  2817 | D:3      | Reached XP level 6. HP: 49/49 MP: 6/6
  2952 | D:3      | Reached skill level 5 in Fighting
  3069 | D:3      | Found a transporter.
  3073 | D:3      | Noticed OTABOTABOTAB's ghost (amateur MfTm)
  3076 | D:3      | Found a transporter.
  3516 | D:4      | XOM: scenery: summon butterflies
  3721 | D:4      | Noticed Menkaure
  3721 | D:4      | XOM: summons 4 friendly demons
  3733 | D:4      | Killed Menkaure
  3734 | D:4      | Reached skill level 5 in Short Blades
  3734 | D:4      | Reached skill level 1 in Shields
  3734 | D:4      | Reached XP level 7. HP: 20/56 MP: 7/7
  3877 | D:4      | XOM: silly message
  3994 | D:4      | Found a blossoming altar of Fedhas.
  4256 | D:4      | HP: 2/56 [orc warrior/+0 scimitar (10)]
  4523 | D:3      | XOM: silly message
  4749 | D:4      | XOM: noise
  4971 | D:4      | XOM: cloud trail
  5003 | D:5      | Entered Level 5 of the Dungeon
  5225 | D:5      | Noticed Prince Ribbit
  5236 | D:5      | XOM: smoke on damage
  5239 | D:5      | XOM: fake destruction
  5239 | D:5      | Killed Prince Ribbit
  5240 | D:5      | Reached skill level 6 in Fighting
  5240 | D:5      | Reached XP level 8. HP: 45/64 MP: 8/8
  5417 | D:5      | XOM: confusion (+ monsters)
  6019 | D:5      | XOM: god gift: 37 gold pieces
  6162 | D:1      | Bought a fading great sword for 322 gold pieces
  6162 | D:1      | Identified the +5 great sword of Anodu {elec, rC+ Dex+3}
                  | (You bought it in a shop on level 1 of the Dungeon)
  6413 | D:5      | Noticed Dowan
  6417 | D:5      | Noticed Duvessa
  6432 | D:4      | Killed Duvessa
  6433 | D:4      | Reached skill level 1 in Long Blades
  6435 | D:4      | Killed Dowan
  6824 | D:6      | XOM: cast spell 'Summon Cactus Giant'
  6834 | D:6      | Reached XP level 9. HP: 66/71 MP: 9/9
  6877 | D:6      | XOM: god gift: Obbeis's Handbook of Unholy Rituals and
                  | Intoxication {god gift}
  6878 | D:6      | Got Obbeis's Handbook of Unholy Rituals and Intoxication
                  | {god gift}
  7036 | D:6      | Found an ancient bone altar of Kikubaaqudgha.
  7060 | D:6      | Reached skill level 7 in Fighting
  7060 | D:6      | Reached skill level 5 in Shields
  7183 | D:6      | Found an iron altar of Okawaru.
  7704 | D:6      | XOM: give mutations
  7704 | D:6      | Gained mutation: Armour fits poorly on your strangely
                  | shaped body. [Xom's mischief]
  7704 | D:6      | Gained mutation: Your body sometimes deteriorates upon
                  | taking damage. [Xom's mischief]
  7704 | D:6      | Gained mutation: Your body often deteriorates upon taking
                  | damage. [Xom's mischief]
  8213 | D:6      | XOM: give mutation
  8213 | D:6      | Gained mutation: You sometimes lose the ability to read
                  | scrolls when taking damage. [Xom's mischief]
  8362 | D:6      | Noticed Sigmund
  8383 | D:6      | Killed Sigmund
  8384 | D:6      | Reached skill level 5 in Long Blades
  8490 | D:6      | Noticed Edmund
  8513 | D:6      | Killed Edmund
  8738 | D:6      | XOM: give mutation
  8738 | D:6      | Gained mutation: You are weak. (Str -2) [Xom's mischief]
  8874 | D:7      | Found a shadowy altar of Dithmenos.
  9072 | D:6      | XOM: noise
  9084 | D:6      | XOM: stat loss: -1 Str (14/15)
  9240 | D:7      | XOM: silly message
  9560 | D:7      | Found a staircase to the Ecumenical Temple.
  9717 | D:7      | XOM: swap monsters
  9718 | D:7      | XOM: silly message
  9721 | D:7      | XOM: polymorph ice beast -> basilisk
 10031 | D:8      | Reached skill level 8 in Fighting
 10035 | D:8      | XOM: polymorph orc -> giant cockroach
 10137 | D:8      | XOM: cast spell 'Summon Ice Beast'
 10156 | D:8      | XOM: noise
 10311 | D:8      | XOM: give mutation
 10311 | D:8      | Lost mutation: You sometimes lose the ability to read
                  | scrolls when taking damage. [Xom's mischief]
 10334 | D:8      | Noticed a two-headed ogre
 10338 | D:8      | XOM: enchant monster (good)
 10350 | D:8      | HP: 1/65 [two-headed ogre/+0 giant club (30)]
 10351 | D:8      | Demolished by a two-headed ogre

Illustrated notes

Levels and vault maps discovered:
D:1:      matt_arrival_spirals, layout_basic, serial_shops, shop,
          palyth_stone_intersect
D:2:      layout_loops_cross, nicolae_ecumenical_snake_handling
D:3:      layout_basic, gammafunk_ghost_mausoleum, serial_shops, shop,
          kennysheep_orc_chapel
D:4:      layout_basic, fedhas_altar_1, uniq_menkaure
D:5:      layout_basic, uniq_duvessa, uniq_prince_ribbit1
D:6:      layout_cave_pods, nicolae_overflow_squiral, sigmund_edmund_badplayer
D:7:      layout_basic, grunt_dithmenos_smoke, minmay_temple_entry_antechambers
D:8:      minmay_general_purpose_star, layout_cave_pods, serial_bayou,
          serial_bayou_pond_a, serial_bayou_crossing, serial_bayou_pond_c,
          serial_bayou_pond_d, uniq_erica, uniq_joseph

Skill      XL: |  1  2  3  4  5  6  7  8  9 |
---------------+----------------------------+-----
Short Blades   | 1 2 3 5 6 |  6.7
Fighting       | 4 5 6 8 |  8.0
Shields        | 1 3 4 6 |  6.5
Long Blades    | 2 6 |  6.1
Polearms       | |  3.6
Armour         | |  2.1
Dodging        | |  0.8

Action                   |  1- 3 |  4- 6 |  7- 9 || total
-------------------------+-------+-------+-------++-------
Melee: Spear             |    74 |       |       ||    74
       Punch             |     2 |     2 |       ||     4
       Dagger            |    61 |   181 |   453 ||   695
       Short sword       |       |     1 |    13 ||    14
       Great sword       |       |       |     7 ||     7
Throw: Dart              |       |     5 |    16 ||    21
 Abil: Dig               |       |       |     1 ||     1
  Use: Scroll            |       |     1 |     5 ||     6
       Potion            |       |     1 |     3 ||     4
 Stab: Sleeping          |     2 |       |       ||     2
       Distracted        |       |       |     1 ||     1
       Confused          |       |       |     1 ||     1
Armor: Leather armour    |    36 |    70 |    37 ||   143
       Chain mail        |       |       |    67 ||    67
Dodge: Dodged            |    59 |   101 |    93 ||   253
Block: Kite shield       |       |     8 |   141 ||   149

Table legend: (Time is in decaauts)
 A = Elapsed time spent in this place.
 B = Non-inter-level travel time spent in this place.
 C = Inter-level travel time spent in this place.
 D = Time resting spent in this place.
 E = Time spent auto-exploring this place.
 F = Levels seen in this place.
 G = Mean time per level.
                   A        B        C        D        E       F      G
               +--------+--------+--------+--------+--------+-----+--------+
         Total |  10234 |   9822 |    412 |    530 |   7738 |   8 | 1279.2 |
       Dungeon |  10234 |   9822 |    412 |    530 |   7738 |   8 | 1279.2 |
               +--------+--------+--------+--------+--------+-----+--------+

Top non-repeatable levels by time:
     D:6: 2175 daAuts
     D:4: 1626 daAuts
     D:5: 1453 daAuts
     D:1: 1337 daAuts
     D:3: 1298 daAuts
     D:2: 1010 daAuts
     D:7: 978 daAuts
     D:8: 354 daAuts
